 Dungeon Crawl Stone Soup version 0.20-a0-526-g753eaab (webtiles) character file.

3276 Klosterheim the Cleaver (level 9, -7/67 HPs)
             Began as a Minotaur Fighter on Jan 26, 2017.
             Was an Elder of Hepliaklqana.
             Hit by a large rock thrown by a cyclops (26 damage)
             ... on level 8 of the Dungeon.
             The game lasted 00:16:09 (6917 turns).

Klosterheim the Cleaver (Minotaur Fighter)          Turns: 6917, Time: 00:16:10

Health: -7/67      AC:  9    Str: 29    XL:     9   Next: 68%
Magic:  10/10      EV:  7    Int:  5    God:    Hepliaklqana [****..]
Gold:   403        SH: 10    Dex:  9    Spells: 8/8 levels left

rFire    . . .     SeeInvis .   a - +0 war axe
rCold    + . .     Gourm    .   E - +2 scale mail {rC+}
rNeg     . . .     Faith    .   c - +0 shield
rPois    +         Spirit   .   (helmet restricted)
rElec    .         Reflect  .   (no cloak)
rCorr    .         Harm     .   (no gloves)
MR       .....                  (no boots)
Stlth    ..........             x - amulet of magic regeneration
Regen    0.3/turn               r - +4 ring of strength
                                j - ring of poison resistance

@: no status effects
A: retaliatory headbutt, reduced essence, horns 2
a: Recall Ancestor, Ancestor Identity, Transference, Idealise, Renounce Religion


You were on level 8 of the Dungeon.
You worshipped Hepliaklqana.
Hepliaklqana was greatly pleased with you.
You were not hungry.

You visited 1 branch of the dungeon, and saw 9 of its levels.
You also visited: Sewer.

You collected 403 gold pieces.

Inventory:

Hand Weapons
 a - a +0 war axe (weapon)
Armour
 c - a +0 shield (worn)
 E - a +2 scale mail of cold resistance (worn)
Jewellery
 g - an uncursed ring of ice
 j - a ring of poison resistance (left hand)
 r - a +4 ring of strength (right hand)
 x - an amulet of magic regeneration (around neck)
 y - an uncursed ring of resist corrosion
Wands
 i - a wand of iceblast (4/15)
 s - a wand of scattershot (3/9)
 t - a wand of clouds (9/9)
Scrolls
 b - 2 scrolls of teleportation
 d - a scroll of brand weapon {unknown}
 e - 8 scrolls of remove curse
 k - a scroll of magic mapping
 q - a scroll of blinking
 D - a scroll of identify
Potions
 l - 2 potions of brilliance {unknown}
 o - 3 potions of mutation {unknown}
 p - 2 potions of lignification {unknown}
 u - 2 potions of heal wounds {unknown}
 v - 5 potions of resistance
 w - 3 potions of flight {unknown}
 z - a potion of invisibility {unknown}
 A - a potion of cure mutation {unknown}
 B - 6 potions of curing
Comestibles
 f - 4 bread rations
 h - 8 meat rations
 m - 15 fruits
 n - 2 chunks of flesh
 C - a royal jelly


   Skills:
 + Level 5.9 Fighting
 - Level 13.7 Axes
 + Level 6.0 Armour
 - Level 3.6 Shields
 + Level 3.6 Invocations


You had 8 spell levels left.
You didn't know any spells.

Dungeon Overview and Level Annotations

Branches:
Dungeon (9/15)             Temple (0/1) D:4
   Lair: D:8-11         Orc: D:9-12

Altars:
Ashenzari
Dithmenos
Elyvilon
Gozag
Hepliaklqana
Nemelex Xobeh
Uskayaw
Xom
Zin

Shops:
D:5 [


Innate Abilities, Weirdness & Mutations

You reflexively headbutt those who attack you in melee.
You have a pair of horns on your head.
Your life essence is reduced. (-10% HP)


Message History

The orc priest mumbles some strange prayers to Beogh against you.
Beogh smites you!
The orc priest invokes the aid of Beogh against you.
Beogh smites you!
The orc priest invokes the aid of Beogh against you.
Beogh smites you!
* * * LOW HITPOINT WARNING * * *
Items here: )) [[ รท a scale mail; a dagger; a mace of protection; a scale mail; an orc skeleton
There is a stone staircase leading up here.
You climb upwards.
There is a stone staircase leading down here.
You start resting.
The cyclops throws a large rock.
The large rock hits you but does no damage.
You see here a large rock.
Okay, then.
Okay, then.
The cyclops throws a large rock.
The large rock hits you!!
You die...

...#### ##.##
.........C## #...##
..........# ##..#.##
..........# #..###.#
..........# ##.## ###
..........# ##..#
#.........# ##..##
#......## ##...##
#>(@.###..)..#####.#
##R...[....)..)...[#
#..........).....#.#
#.........######.....#
...........# ######.
............#
............#
####.........
#.....##...


You could see the friendly Shedsu-nefertum the battlemage and a cyclops.

Vanquished Creatures
  The ghost of anet the Charmwright, a novice DEWz (D:7)
  The ghost of anet the Magician, a novice DEWz (D:5)
  Prince Ribbit (D:9)
  Eustachio (D:4)
  An orc warrior (D:7)
  2 ogres
  A phantom (D:6)
  A centaur (D:6)
  A bullfrog (D:6)
  A scorpion (D:4)
  2 wights (D:8)
  A howler monkey (D:6)
  A crimson imp (D:6)
  3 hounds
  A jelly (D:5)
  A gnoll shaman (D:4)
  An orc priest (D:4)
  5 orc wizards
  2 worker ants
  2 iguanas
  A killer bee zombie (D:6)
  A hound zombie (D:6)
  8 adders
  A river rat (Sewer)
  A shadow imp (D:5)
  5 oozes
  An adder skeleton (D:5)
  An adder zombie (D:6)
  2 worms
  A dart slug (D:2)
  2 leopard geckos
  20 orcs
  6 bats
  5 giant cockroaches
  16 goblins
  7 hobgoblins
  2 jackals (Sewer)
  A quokka (D:4)
  2 ball pythons
  6 frilled lizards
  A jackal skeleton (D:6)
  A jackal zombie (D:6)
  10 kobolds
  16 rats
147 creatures vanquished.

Vanquished Creatures (collateral kills)
  Grinder (D:4)
  A sky beast (D:5)
  An ogre (D:5)
  A big kobold (Sewer)
  A bullfrog (D:7)
  A scorpion (D:4)
  3 wights (D:8)
  A howler monkey (D:7)
  A jelly (D:7)
  A centaur skeleton (D:4)
  2 orc wizards (D:5)
  A bullfrog skeleton (D:9)
  Robin (D:4)
  An adder (D:3)
  A shadow imp (D:6)
  3 worms (D:3)
  3 orcs
  A ball python (D:5)
  A giant cockroach (D:5)
  2 goblins (D:4)
  2 bats (D:3)
  A rat (Sewer)
31 creatures vanquished.

Grand Total: 178 creatures vanquished

Notes
Turn   | Place    | Note
-------+----------+-------------------------------------------
     0 | D:1      | Klosterheim the Minotaur Fighter began the quest for the Orb.
     0 | D:1      | Reached XP level 1. HP: 19/19 MP: 0/0
   175 | D:1      | Reached skill level 3 in Axes
   175 | D:1      | Reached XP level 2. HP: 26/26 MP: 1/1
   419 | D:1      | Reached skill level 4 in Axes
   676 | D:2      | Reached XP level 3. HP: 26/31 MP: 2/2
   904 | D:2      | Found a faded altar of an unknown god.
   918 | D:2      | Became a worshipper of Hepliaklqana the Forgotten
   918 | D:2      | Reached * piety under Hepliaklqana
   932 | D:2      | Noticed a hand axe
   932 | D:2      | Noticed a hand axe
   933 | D:2      | Found a hide-covered altar of Uskayaw.
  1204 | D:2      | Reached skill level 5 in Axes
  1439 | D:3      | Reached XP level 4. HP: 35/35 MP: 3/3
  1536 | D:3      | Reached skill level 6 in Axes
  1538 | D:3      | Reached XP level 5. HP: 27/40 MP: 4/4
  1982 | D:3      | Found a glowing silver altar of Zin.
  1983 | D:3      | Noticed an angel
  2083 | D:3      | Reached ** piety under Hepliaklqana
  2084 | D:3      | Remembered your ancestor Shedsu-nefertum as a battlemage
  2300 | D:3      | Found a sparkling altar of Nemelex Xobeh.
  2301 | D:3      | Found an opulent altar of Gozag.
  2584 | D:3      | Reached skill level 7 in Axes
  2740 | D:4      | Noticed Robin
  2766 | D:4      | Killed Robin
  3046 | D:4      | Noticed Grinder
  3059 | D:4      | Killed Grinder
  3059 | D:4      | Reached skill level 8 in Axes
  3059 | D:4      | Reached XP level 6. HP: 38/45 MP: 5/5
  3145 | D:4      | Reached skill level 9 in Axes
  3321 | D:4      | Noticed Eustachio
  3330 | D:4      | Killed Eustachio
  3330 | D:4      | Reached XP level 7. HP: 38/51 MP: 6/6
  3432 | D:4      | Reached skill level 10 in Axes
  3438 | D:4      | Found a staircase to the Ecumenical Temple.
  4201 | D:4      | Reached *** piety under Hepliaklqana
  4356 | D:5      | Entered Level 5 of the Dungeon
  4363 | D:5      | Reached skill level 11 in Axes
  4363 | D:5      | Reached XP level 8. HP: 42/57 MP: 7/7
  4458 | D:5      | Found a glowing drain.
  4482 | D:5      | Noticed anet's ghost (novice DEWz)
  4603 | D:5      | Killed anet's ghost
  4603 | D:5      | Reached skill level 12 in Axes
  4713 | Sewer    | Entered a sewer
  4800 | Sewer    | Found a glowing silver altar of Zin.
  4925 | D:5      | Found a shattered altar of Ashenzari.
  4988 | D:5      | Found a shadowy altar of Dithmenos.
  5078 | D:5      | Found Maca's Antique Armour Emporium.
  5239 | D:6      | Reached skill level 13 in Axes
  5581 | D:6      | Reached **** piety under Hepliaklqana
  5590 | D:6      | Found a white marble altar of Elyvilon.
  5595 | D:6      | Reached XP level 9. HP: 63/63 MP: 8/8
  6070 | D:7      | Reached skill level 1 in Invocations
  6083 | D:7      | Found a shimmering altar of Xom.
  6234 | D:7      | Noticed anet's ghost (novice DEWz)
  6240 | D:7      | Killed anet's ghost
  6240 | D:7      | Reached skill level 5 in Fighting
  6240 | D:7      | Reached skill level 5 in Armour
  6603 | D:8      | Noticed a cyclops
  6777 | D:9      | Noticed Prince Ribbit
  6781 | D:9      | Killed Prince Ribbit
  6917 | D:8      | Hit by a large rock thrown by a cyclops

Vault maps used:
D:1:      kilobyte_arrival_exit_the_forest
D:2:      dancing_weapons_uskayaw, chequers_ecumenical_altar_simple
D:3:      kennysheep_six_static_rooms, grunt_temple_overflow_opulence,
          zin_angel, first_bread
D:4:      minmay_temple_entry_junction_2, st_stairs_6, uniq_eustachio,
          uniq_grinder, uniq_robin
D:5:      ashenzari_altar_1, lemuel_doored_altar, serial_shops,
          nicolae_shop_crystal, portal_sewer_entry_a
D:6:      lemuel_round_altar
D:7:      basic_altar
D:9:      lemuel_crystal_altar, grunt_temple_overflow_open, old_standard_altar,
          uniq_prince_ribbit1, uniq_maurice
Sewer:    sewer_kobolds

Skill      XL: |  1  2  3  4  5  6  7  8  9 |
---------------+----------------------------+-----
Axes           | 3 4 5 6 8 9 11 13 | 13.7
Invocations    | 3 |  3.6
Fighting       | 5 |  5.9
Armour         | 6 |  6.0
Shields        | |  3.6

Action                   |  1- 3 |  4- 6 |  7- 9 || total
-------------------------+-------+-------+-------++-------
Melee: War axe           |    87 |   118 |   180 ||   385
       Headbutt          |     9 |    16 |    35 ||    60
Invok: Ancestor Identity |       |     1 |       ||     1
       Ancestor Life: Ba |       |     1 |       ||     1
       Recall Ancestor   |       |       |     4 ||     4
       Transference      |       |       |     1 ||     1
  Use: Scroll            |       |     5 |    10 ||    15
       Potion            |       |       |     1 ||     1
 Stab: Distracted        |       |       |     2 ||     2
  Eat: Chunk             |     2 |     6 |    11 ||    19
Armor: Scale mail        |    39 |    50 |    27 ||   116
       Chain mail        |       |       |    11 ||    11
Dodge: Dodged            |    24 |    40 |    25 ||    89
Block: Shield            |    44 |    49 |    73 ||   166
